 Dungeon Crawl Stone Soup version 0.28-a0-1184-g53156a8862 (webtiles) character file.

Game seed: 1298468006113726039

52 ytrimaz the Insei (level 3, -1/23 HPs)
             Began as an Octopode Transmuter on Dec 17, 2021.
             Slain by a worm (9 damage)
             ... on level 2 of the Dungeon.
             The game lasted 00:01:23 (1725 turns).

ytrimaz the Insei (Octopode Transmuter)             Turns: 1725, Time: 00:01:24

Health: -1/23      AC:  1    Str:  9    XL:     3   Next: 85%
Magic:  6/6        EV: 13    Int: 17    God:
Gold:   134        SH:  0    Dex: 12    Spells: 1/7 levels left

rFire   . . .      SeeInvis .     - Unarmed
rCold   . . .      Faith    .   (no shield)
rNeg    . . .      Spirit   .   (helmet restricted)
rPois   .          Reflect  .   (no amulet)
rElec   .          Harm     .   (no ring)
rCorr   .          Rampage  .   (no ring)
Will    .....                   (no ring)
Stlth   ++........              (no ring)
HPRegen 0.07/turn               (no ring)
MPRegen 0.10/turn               (no ring)
                                (no ring)
                                (no ring)

@: no status effects
A: almost no armour, amphibious, 8 rings, camouflage 1, gelatinous body 1,
(nimble swimmer 1), tentacles
a: no special abilities


You were on level 2 of the Dungeon.
You visited 1 branch of the dungeon, and saw 2 of its levels.

You collected 134 gold pieces.

Inventory:

Potions
 a - a potion of resistance {unknown}
 b - 2 potions of mutation
 c - a potion of attraction {unknown}


   Skills:
 * Level 1.5 Fighting
 - Level 2.0 Dodging
 + Level 3.6 Unarmed Combat
 * Level 2.5 Spellcasting
 * Level 2.6 Transmutations


You had one spell level left.
You knew the following spells:

 Your Spells              Type           Power      Damage    Failure   Level
a - Beastly Appendage     Tmut           22%        N/A       6%          1
b - Wereblood             Tmut           11%        N/A       10%         2
c - Spider Form           Tmut/Pois      6%         N/A       32%         3

Your spell library contained the following spells:

 Spells                   Type           Power      Damage    Failure   Level
 Slow                     Hex            8%         N/A       19%         1
 Confusing Touch          Hex            2%         N/A       50%         3
 Vampiric Draining        Necr           2%         2d6       50%         3
 Ice Form                 Ice/Tmut       6%         N/A       71%         4


Dungeon Overview and Level Annotations

Branches:
Dungeon (2/15)

Altars:

Shops:
D:2 (


Innate Abilities, Weirdness & Mutations

You cannot wear most types of armour.
You are amphibious.
You can wear up to eight rings at the same time.
Your skin changes colour to match your surroundings (Stealth+).
Your rubbery body absorbs attacks. (AC +1, EV +1)
((You are camouflaged near water. (Stealth+)))
You have tentacles for arms and can constrict up to eight enemies at once.


Message History

You kill the rat!
You see here a rat corpse.
Your tentacle spike disappears.
A dart slug comes into view.
A dart slug is nearby!
A dart slug is nearby!
As you read the scroll labelled RUXINE RAPLOI, it crumbles to dust.
It is a scroll of identify.
b - 2 potions of mutation The dart slug launches a dart at you.
The slug dart misses you.
Unknown command.
Found a spear.
A worm comes into view.
You tentacle-slap the dart slug. You grab the dart slug.
The dart slug is moderately wounded.
You constrict the dart slug. The dart slug launches a dart at you.
The slug dart hits you.
You tentacle-slap the dart slug but do no damage.
You tentacle-slap the dart slug, but do no damage.
The dart slug is moderately wounded.
You constrict the dart slug. The dart slug bites you.
You tentacle-slap the dart slug.
The dart slug is severely wounded.
You constrict the dart slug. You tentacle-slap the dart slug.
You kill the dart slug!
Found 10 gold pieces.
The worm bites you.
You barely miss the worm. Your grab misses the worm.
You are too injured to fight recklessly!
You tentacle-slap the worm. Your grab misses the worm.
The worm is lightly wounded.
The worm bites you.
You tentacle-slap the worm but do no damage.
You grab the worm. You constrict the worm. You tentacle-slap the worm.
The worm is lightly wounded.
You constrict the worm. The worm bites you!
You die...

#.#....#.......#...##
#.##.#.#######......#
#.##.#.# ##......
#......### ###.###
###......# #.#
#..###.# #.#
##..###.# ##'##
#.......# ##...##
#..@###.# ##.....#
#..w....# #.......
#.#.#...# #........
#.#........+........
#.### ..####........
#. ).# ##....... .#
##.....# $# ##...##
##+#


You could see a worm.

Vanquished Creatures
  An adder (D:2)
  2 dart slugs (D:2)
  2 ball pythons (D:1)
  3 endoplasms (D:1)
  3 giant cockroaches
  2 goblins (D:1)
  5 hobgoblins
  4 quokkas (D:1)
  2 bats (D:1)
  3 frilled lizards (D:1)
  5 kobolds (D:1)
  4 rats
36 creatures vanquished.

Notes
Turn   | Place    | Note
-------+----------+-------------------------------------------
     0 | D:1      | ytrimaz the Octopode Transmuter began the quest for the
                  | Orb.
     0 | D:1      | Reached XP level 1. HP: 13/13 MP: 3/3
   121 | D:1      | Reached XP level 2. HP: 8/18 MP: 3/5
   570 | D:1      | Learned a level 2 spell: Wereblood
   869 | D:1      | Reached XP level 3. HP: 21/23 MP: 6/6
   873 | D:1      | Learned a level 3 spell: Spider Form
  1483 | D:2      | Found Ujaiv's Weapon Shop.
  1725 | D:2      | Slain by a worm

Illustrated notes

Levels and vault maps discovered:
D:1:      mrwooster_arrival_arrow, layout_loops_ring
D:2:      layout_loops_corners, serial_shops, nicolae_shop_bloodbath_and_beyond,
          shapermc_ecumenical_altar_petra

Action                   || total
-------------------------++-------
Melee: Unarmed           ||    76
       Tentacles         ||    11
       Constrict         ||    25
       Kick              ||    12
       Punch             ||     1
 Cast: Beastly Appendage ||    23
  Use: Scroll            ||     1
 Stab: Sleeping          ||     9
Armor: Skin              ||     3
Dodge: Dodged            ||    43

Table legend: (Time is in decaauts)
 A = Elapsed time spent in this place.
 B = Non-inter-level travel time spent in this place.
 C = Inter-level travel time spent in this place.
 D = Time resting spent in this place.
 E = Time spent auto-exploring this place.
 F = Levels seen in this place.
 G = Mean time per level.
                   A        B        C        D        E       F      G
               +--------+--------+--------+--------+--------+-----+--------+
         Total |   1720 |   1703 |     17 |      0 |   1424 |   2 |  860.0 |
       Dungeon |   1720 |   1703 |     17 |      0 |   1424 |   2 |  860.0 |
               +--------+--------+--------+--------+--------+-----+--------+

Top non-repeatable levels by time:
     D:1: 1338 daAuts
     D:2: 382 daAuts
